 Dungeon Crawl Stone Soup version 0.26.0-10-g1f06aea511 (webtiles) character file.

Game seed: 771826053620140666

687 Froggeryz the Ruffian (level 7, -4/57 HPs)
             Began as a Ghoul Delver on Jan 14, 2021.
             Was an Initiate of Makhleb.
             Slain by a bullfrog zombie (5 damage)
             ... on level 6 of the Dungeon.
             The game lasted 00:04:44 (4420 turns).

Froggeryz the Ruffian (Ghoul Delver)                Turns: 4420, Time: 00:04:44

Health: -4/57      AC:  3    Str: 17    XL:     7   Next: 62%
Magic:  0/6        EV: 12    Int:  5    God:    Makhleb [......]
Gold:   204        SH:  0    Dex: 11    Spells: 6/6 levels left

rFire    . . .     SeeInvis .     - Unarmed
rCold    + . .     Faith    .   (no shield)
rNeg     + + +     Spirit   +   a - +0 leather armour
rPois    ∞         Reflect  .   (no helmet)
rElec    .         Harm     .   r - scarf {+Inv}
rCorr    .         Rampage  .   (no gloves)
Will     .....                  (no boots)
Stlth    +++.......             m - amulet of guardian spirit
HPRegen  0.00/turn              (no ring)
MPRegen  0.10/turn              (no ring)

@: no status effects
A: claws 1, cold resistance 1, negative energy resistance 3, inhibited
regeneration, torment resistance, unbreathing
a: Renounce Religion, Evoke Invisibility


You were on level 6 of the Dungeon.
You worshipped Makhleb.
Makhleb was noncommittal.
You visited 2 branches of the dungeon, and saw 7 of its levels.

You collected 204 gold pieces.

Inventory:

Missiles
 g - 20 poisoned darts (quivered)
 x - 8 curare-tipped darts
Armour
 a - a +0 leather armour (worn)
 h - a +0 buckler
 r - a scarf of invisibility (worn)
Jewellery
 m - an amulet of guardian spirit (around neck)
 v - an uncursed ring of poison resistance {unknown}
Wands
 f - a wand of digging (3)
Scrolls
 b - a scroll of fog
 c - 3 scrolls of magic mapping
 d - a scroll of fear
 k - 2 scrolls of teleportation {unknown}
 l - a scroll of enchant weapon {unknown}
 o - a scroll of blinking {unknown}
 p - a scroll of remove curse {unknown}
 u - 2 scrolls of identify {unknown}
 w - a scroll of amnesia {unknown}
Potions
 e - 2 potions of haste
 i - a potion of ambrosia {unknown}
 j - a potion of curing
 n - a potion of brilliance {unknown}
 q - a potion of flight {unknown}
 s - a potion of cancellation {unknown}
 t - a potion of attraction {unknown}


   Skills:
 - Level 3.2 Fighting
 - Level 1.7 Dodging
 - Level 5.4 Stealth
 + Level 3.5 Shields
 * Level 7.9 Unarmed Combat


You had 6 spell levels left.
You didn't know any spells.
Your spell library contained the following spells:

 Spells                   Type           Power        Failure   Level
 Magic Dart               Conj           0%           54%         1
 Blink                    Tloc           N/A          69%         2
 Call Imp                 Summ           0%           69%         2
 Slow                     Hex            0%           69%         2
 Conjure Flame            Conj/Fire      0%           89%         3
 Mephitic Cloud           Conj/Pois/Air  0%           89%         3


Dungeon Overview and Level Annotations

Branches:
Dungeon (6/15)             Temple (1/1) D:6

Altars:
Gozag
Makhleb
Okawaru
Vehumet


Innate Abilities, Weirdness & Mutations

You thrive by killing the living.
You are immune to poison.
You have sharp fingernails.
Your flesh is cold resistant. (rC+)
You are immune to negative energy. (rN+++)
You do not regenerate when monsters are visible.
You are immune to unholy pain and torment.
You can survive without breathing.


Message History

The bullfrog zombie barely misses you. The orc hits you with a +0 falchion.
* * * LOW HITPOINT WARNING * * *
The orc wizard gestures at you while chanting.
The magic dart hits you.
* * * LOW HITPOINT WARNING * * *
You closely miss the orc wizard.
The orc wizard is almost dead.
The orc wizard closely misses you. The bullfrog zombie hits you.
* * * LOW HITPOINT WARNING * * *
The orc barely misses you. The orc wizard barely misses you. x2
You scratch the orc wizard but do no damage.
The orc wizard is almost dead.
The bullfrog zombie hits you but does no damage.
The orc wizard hits you with a cursed +0 dagger.
* * * LOW HITPOINT WARNING * * *
You closely miss the orc wizard.
The orc wizard is almost dead.
The orc wizard misses you. The orc closely misses you.
The bullfrog zombie hits you.
You die...

.......#
......###
....... ..8..
... #.# . ##.##
.
....##o..##....
..8...o@....8..
....##.Zo##....
.## ##.## ##.
#.# ... .8. ...
.....


You could see 2 orc wizards, an orc and a bullfrog zombie.

Vanquished Creatures
  Grinder (D:3)
  2 bullfrogs (Temple)
  A centaur skeleton (D:3)
  An orc priest (D:3)
  3 orc wizards
  Natasha (twice) (D:2)
  A worker ant (Temple)
  7 adders
  An ooze (D:1)
  4 worms
  2 dart slugs
  2 leopard geckos
  3 orcs (D:2)
  A giant cockroach (D:3)
  4 hobgoblins (D:2)
  4 jackals (D:1)
  8 kobolds
  A quokka (D:2)
  11 bats
  6 frilled lizards
  4 goblins
  4 rats
73 creatures vanquished.

Notes
Turn   | Place    | Note
-------+----------+-------------------------------------------
     0 | D:5      | Froggeryz the Ghoul Delver began the quest for the Orb.
     0 | D:5      | Reached XP level 1. HP: 19/19 MP: 0/0
    10 | D:5      | Found an opulent altar of Gozag.
    13 | D:5      | Noticed an ogre
   356 | D:3      | Reached skill level 3 in Unarmed Combat
   356 | D:3      | Reached XP level 2. HP: 26/26 MP: 1/1
   396 | D:3      | Reached XP level 3. HP: 22/31 MP: 2/2
   572 | D:2      | Reached skill level 4 in Unarmed Combat
   941 | D:1      | Reached XP level 4. HP: 38/38 MP: 3/3
  2130 | D:2      | Reached skill level 1 in Shields
  2130 | D:2      | Reached skill level 5 in Unarmed Combat
  2133 | D:2      | Noticed Natasha
  2144 | D:2      | Killed Natasha
  2145 | D:2      | Reached XP level 5. HP: 5/45 MP: 0/4
  2191 | D:2      | Noticed Natasha
  2439 | D:2      | Killed Natasha
  2807 | D:2      | Found a burning altar of Makhleb.
  2944 | D:2      | Became a worshipper of Makhleb the Destroyer
  3494 | D:2      | Reached skill level 6 in Unarmed Combat
  3494 | D:2      | Reached XP level 6. HP: 46/51 MP: 2/5
  3936 | D:3      | Noticed Grinder
  3955 | D:3      | Killed Grinder
  3956 | D:3      | Reached skill level 7 in Unarmed Combat
  3956 | D:3      | Reached XP level 7. HP: 51/57 MP: 4/6
  3985 | D:3      | Found an iron altar of Okawaru.
  4196 | D:3      | You fall into a shaft and drop 3 floors!
  4196 | D:6      | Found a staircase to the Ecumenical Temple.
  4200 | Temple   | Entered the Ecumenical Temple
  4419 | D:6      | HP: 1/57 [orc wizard/cursed +0 dagger (3)]
  4420 | D:6      | Slain by a bullfrog zombie

Illustrated notes

Levels and vault maps discovered:
D:1:      minmay_arrival_five_plusses, layout_loops_corners
D:2:      layout_loops_cross, lemuel_coloured_pillars_altar, minmay_misc_feat_x,
          uniq_natasha
D:3:      layout_basic, marbit_many_paths, hangedman_decor_push, uniq_grinder
D:4:      layout_basic, kennysheep_boxes, uniq_edmund
D:5:      minmay_recursive_quarters, layout_rooms, nzn_hepliaklqana_mist_gate,
          grunt_gozag_statues, serial_shops, shop, kennysheep_nondescript
D:6:      layout_basic, cheibriados_altar_1, lemuel_round_altar,
          minmay_temple_entry_waves, chequers_ossuary_entry_cave
Temple:   jpeg_temple_clearing

Skill      XL: |  1  2  3  4  5  6 |
---------------+-------------------+-----
Unarmed Combat | 3 4 5 6 7 |  7.9
Shields        | 1 2 3 |  3.5
Fighting       | |  3.2
Dodging        | |  1.7
Stealth        | |  5.4

Action                   |  1- 3 |  4- 6 |  7- 9 || total
-------------------------+-------+-------+-------++-------
Melee: Unarmed           |    77 |   138 |    40 ||   255
       Punch             |     1 |     1 |       ||     2
  Use: Potion            |       |     3 |     1 ||     4
 Stab: Sleeping          |     4 |    11 |     1 ||    16
Armor: Leather armour    |    28 |    18 |    15 ||    61
Dodge: Dodged            |    40 |    63 |    43 ||   146
